 Dungeon Crawl Stone Soup version 0.30-a0-778-g2ef04afb54 (webtiles) character file.

Game seed: 11665907738434960930

47 Leeroy the Slasher (level 3, 0/18 HPs)
             Began as a Vine Stalker Warper on Feb 16, 2023.
             Killed from afar by Natasha (3 damage)
             ... with a magic dart
             ... on level 2 of the Dungeon.
             The game lasted 00:00:49 (717 turns).

Leeroy the Slasher (Vine Stalker Warper)             Turns: 717, Time: 00:00:50

Health: 0/18       AC:  3    Str: 13    XL:     3   Next: 70%
Magic:  0/7        EV: 11    Int: 13    God:
Gold:   88         SH:  0    Dex: 15    Spells: 6/6 levels left

rFire   . . .      SeeInvis .    a - +0 falchion
rCold   . . .      Faith    .    (no shield)
rNeg    . . .      Spirit   +    b - +0 leather armour
rPois   .          Reflect  .    (no helmet)
rElec   .          Harm     .    (no cloak)
rCorr   .          Rampage  .    (no gloves)
Will    .....                    (no boots)
Stlth   +                        (no amulet)
HPRegen 0.23/turn                (no ring)
MPRegen 0.10/turn                (no ring)

@: no status effects
A: fangs 2, magic shield, antimagic bite, no potion heal 2
a: no special abilities


You were on level 2 of the Dungeon.
You visited 1 branch of the dungeon, and saw 2 of its levels.

You collected 88 gold pieces.

Inventory:

Hand Weapons
 a - a +0 falchion (weapon)
 l - a +2 battleaxe of venom
Missiles
 d - 7 boomerangs of dispersal (quivered)
 h - a throwing net
 i - 6 boomerangs
 k - 5 silver javelins
Armour
 b - a +0 leather armour (worn)
Scrolls
 c - a scroll of blinking
 e - a scroll of magic mapping {unknown}
 f - a scroll of enchant weapon {unknown}
 g - a scroll of amnesia {unknown}
 m - a scroll of fog {unknown}
 o - a scroll of identify {unknown}
Potions
 j - a potion of mutation {unknown}
 n - a potion of heal wounds {unknown}


   Skills:
 - Level 1.7 Fighting
 + Level 3.6 Long Blades
 - Level 0.8 Throwing
 - Level 0.7 Armour
 - Level 1.5 Dodging
 - Level 2.1 Spellcasting
 - Level 3.0 Translocations


You had 6 spell levels left.
You didn't know any spells.
Your spell library contained the following spells:

 Spells                   Type           Power      Damage    Failure   Level
 Blink                    Tloc           18%        N/A       14%         2
 Lesser Beckoning         Tloc           18%        N/A       14%         2
 Momentum Strike          Conj/Tloc      10%        3d8       26%         2
 Teleport Other           Tloc           9%         N/A       28%         3
 Vhi's Electric Charge    Tloc/Air       10%        N/A       45%         3
 Manifold Assault         Tloc           9%         N/A       67%         4


Dungeon Overview and Level Annotations

Branches:
Dungeon (2/15)

Altars:

Annotations:
D:2 Natasha, Sigmund


Innate Abilities, Weirdness & Mutations

You have extremely sharp teeth.
When hurt, damage is shared between your health and your magic reserves.
Your bite disrupts and absorbs the magic of your enemies.
Potions cannot restore your health.


Message History

A kobold comes into view. It is wielding a +0 whip.
The kobold shouts!
Sigmund points at you and mumbles some strange words.
You are confused.
You bump into the rock wall.
You bump into the rock wall.
Sigmund looks at you with fury.
Sigmund zaps a wand.
The roots erupt in riotous growth!
The grasping roots grab you! The grasping roots constrict you.
You hear an angry hiss.
You bump into the rock wall.
The grasping roots constrict you. The kobold hits you but does no damage.
You bump into the rock wall.
You feel less confused. The grasping roots constrict you.
The kobold barely misses you.
The grasping roots release their grip on you.
Natasha, Servant of Life and Death comes into view.
Natasha casts a spell at you. You resist with some effort.
The kobold attacks as you move away! The kobold completely misses you.
Sigmund mumbles some strange words.
Sigmund flickers and vanishes!
Deactivating autopickup; reactivate with Ctrl-A.
The kobold attacks as you move away! The kobold barely misses you.
Natasha stares at you and mumbles some strange words.
The magic dart hits you. Natasha closely misses you.
The kobold attacks as you move away! The kobold hits you with a +0 whip.
Natasha mumbles some strange words.
Natasha shimmers violently.
Natasha claws you.
You see here 7 stones.
Natasha attacks as you move away! Natasha claws you but does no damage.
Natasha stares at you and mumbles some strange words.
The magic dart hits you.
* * * LOW HITPOINT WARNING * * *
Natasha casts a spell at you. The magic dart hits you.
You die...

#.#....# #.# #......#
#.#####.# # #....# #.......#
#.#....#######.#####.# ###
#............#........
#....###.##.##.#.#{...##.#
#.##..........#.....#.....
#####.######.##.##.#K#.......#
................@..h.#..####.#
.#.##..#..##.##.######.... #
.#.##..#..##.##.# #.####
<#.....#..##.##.# ...
.#†.......##.##.# ...
.#..##..........# ..
................#
##...##.##.....##
#.#.##.##.....#


You could see Natasha and a kobold.

Vanquished Creatures
  Natasha (D:2)
  An adder (D:2)
  2 ball pythons
  A bat (D:1)
  2 endoplasms (D:2)
  A giant cockroach (D:2)
  3 goblins
  A frilled lizard (D:2)
  A kobold (D:2)
13 creatures vanquished.

Notes
Turn   | Place    | Note
-------+----------+-------------------------------------------
     0 | D:1      | Leeroy the Vine Stalker Warper began the quest for the Orb.
     0 | D:1      | Reached XP level 1. HP: 11/11 MP: 4/4
   498 | D:2      | Reached XP level 2. HP: 14/15 MP: 3/6
   623 | D:2      | Noticed Natasha
   629 | D:2      | Killed Natasha
   630 | D:2      | Reached XP level 3. HP: 12/18 MP: 3/7
   674 | D:2      | Found a faded altar of an unknown god.
   679 | D:2      | Noticed Sigmund
   707 | D:2      | Noticed Natasha
   717 | D:2      | Killed from afar by Natasha

Illustrated notes

Levels and vault maps discovered:
D:1:      dpeg_arrival_line_fractal, layout_rooms, chequers_serial_rivers_room_a
D:2:      layout_loops_cross, hellmonk_ecumenical_altar_pennies_from_heaven,
          uniq_natasha, uniq_sigmund

Skill      XL: |  1  2 |
---------------+-------+-----
Long Blades    | 2 3 |  3.6
Fighting       | |  1.7
Throwing       | |  0.8
Armour         | |  0.7
Dodging        | |  1.5
Spellcasting   | |  2.1
Translocations | |  3.0

Action                     || total
---------------------------++-------
  Melee: Falchion          ||    40
         Bite              ||     9
 Armour: Leather armour    ||    19
  Dodge: Dodged            ||    31

Table legend: (Time is in decaauts)
 A = Elapsed time spent in this place.
 B = Non-inter-level travel time spent in this place.
 C = Inter-level travel time spent in this place.
 D = Time resting spent in this place.
 E = Time spent auto-exploring this place.
 F = Levels seen in this place.
 G = Mean time per level.
                   A        B        C        D        E       F      G
               +--------+--------+--------+--------+--------+-----+--------+
         Total |    724 |    711 |     13 |      0 |    560 |   2 |  362.0 |
       Dungeon |    724 |    711 |     13 |      0 |    560 |   2 |  362.0 |
               +--------+--------+--------+--------+--------+-----+--------+

Top non-repeatable levels by time:
     D:1: 481 daAuts
     D:2: 242 daAuts
